 Dungeon Crawl Stone Soup version 0.24.0-41-g2ae2f7f1be (webtiles) character file.

Game seed: 8693396529573941315, levelgen mode: deterministic

546 Peloso the Shield-Bearer (level 7, 0/60 HPs)
             Began as a Minotaur Fighter on Dec 9, 2019.
             Killed by divine providence
             ... invoked by an orc priest
              (14 damage)
             ... on level 7 of the Dungeon.
             The game lasted 00:08:17 (3133 turns).

Peloso the Shield-Bearer (Minotaur Fighter)         Turns: 3133, Time: 00:08:18

Health: 0/60       AC: 11    Str: 27    XL:     7   Next: 6%
Magic:  6/6        EV:  7    Int:  5    God:
Gold:   413        SH: 11    Dex: 11    Spells: 6/6 levels left

rFire    . . .     SeeInvis .   a - +0 long sword
rCold    . . .     Gourm    +   c - +0 shield
rNeg     . . .     Faith    .   r - +0 chain mail
rPois    .         Spirit   .   (helmet restricted)
rElec    .         Reflect  .   (no cloak)
rCorr    .         Harm     .   (no gloves)
MR       .....                  h - +0 pair of boots
Stlth    ..........             l - amulet of the gourmand
HPRegen  0.20/turn              g - +6 ring of strength
MPRegen  0.10/turn              (no ring)

@: no status effects
A: retaliatory headbutt, horns 2
a: no special abilities


You were on level 7 of the Dungeon.
You were not hungry.

You visited 1 branch of the dungeon, and saw 5 of its levels.
You also visited: Ossuary.

You collected 413 gold pieces.

Inventory:

Hand Weapons
 a - a +0 long sword (weapon)
Armour
 b - a +0 scale mail
 c - a +0 shield (worn)
 h - a +0 pair of boots (worn)
 r - a +0 chain mail (worn)
Jewellery
 g - a +6 ring of strength (left hand)
 l - an amulet of the gourmand (around neck)
Scrolls
 e - 8 scrolls of remove curse
 k - 4 scrolls of identify
 q - 2 scrolls of vulnerability {unknown}
 u - a scroll of immolation {unknown}
Potions
 d - a potion of might
 i - 4 potions of curing
 m - a potion of flight {unknown}
 n - 2 potions of lignification
 o - a potion of haste {unknown}
 s - 2 potions of agility {unknown}
 t - a potion of brilliance {unknown}
 v - 3 potions of degeneration {unknown}
 w - a potion of cancellation {unknown}
 x - a potion of heal wounds {unknown}
Comestibles
 f - 7 rations


   Skills:
 + Level 4.9 Fighting
 + Level 5.2 Long Blades
 + Level 5.5 Armour
 + Level 1.9 Dodging
 + Level 0.1 Stealth
 + Level 6.1 Shields


You had 6 spell levels left.
You didn't know any spells.
Your spell library was empty.

Dungeon Overview and Level Annotations

Branches:
Dungeon (7/15)            Ossuary (visited)
 Temple: D:4-7

Altars:
Dithmenos
Nemelex Xobeh
Trog

Annotations:
D:3 3 runed translucent doors, happy's ghost, amateur OgHu


Innate Abilities, Weirdness & Mutations

You reflexively headbutt those who attack you in melee.
You have a pair of horns on your head.


Message History

You closely miss the jackal.
The jackal bites you but does no damage.
You block the jackal's attack.
You slash the jackal!
You kill the jackal!
The orc warrior starts to cry.
An orc comes into view.
The orc moves out of view.
Found 14 gold pieces.
A centaur comes into view.
An orc priest comes into view. It is wielding a +0 flail.
The orc priest shouts!
The centaur wields a +0 shortbow.
The centaur shoots an arrow.
You block the arrow.
You see here an arrow.
The centaur shoots an arrow.
The arrow hits you.
* * * LOW HITPOINT WARNING * * *
The orc priest mumbles some strange prayers to Beogh against you.
Beogh smites you!
You die...

..y...h.........#
..c.......#......###.#
.........##......# ..
.........##......#
........#####...# ...
........# #...#
#..#####.....##......
##.....##............
...........(@....... .
#........#..$...... ..
#........#......... .!.
#........#..o...... ...#
#.......>#.........
.....#........#.....o...
#....#...........#......
#................#......
#...##.####......#


You could see a centaur, an orc priest and an orc.

Vanquished Creatures
  A killer bee (D:7)
  An orc priest (D:7)
  A hound (D:4)
  4 orc wizards (D:7)
  Jessica (D:2)
  A hound skeleton (D:2)
  8 mummies (Ossuary)
  A worker ant zombie (D:7)
  5 adders
  An ooze (D:3)
  4 worms
  3 dart slugs
  14 orcs
  3 bats
  6 giant cockroaches
  3 gnoll zombies (Ossuary)
  6 goblins
  10 hobgoblins
  7 jackals
  5 frilled lizards
  A hobgoblin zombie (Ossuary)
  7 kobolds
  2 kobold zombies (Ossuary)
  2 orc zombies (Ossuary)
  13 rats
110 creatures vanquished.

Notes
Turn   | Place    | Note
-------+----------+-------------------------------------------
     0 | D:1      | Peloso the Minotaur Fighter began the quest for the Orb.
     0 | D:1      | Reached XP level 1. HP: 19/19 MP: 0/0
    41 | D:1      | HP: 1/20 [hobgoblin (3)]
    69 | D:1      | Reached XP level 2. HP: 4/27 MP: 1/1
   626 | D:1      | Reached XP level 3. HP: 33/33 MP: 2/2
  1035 | D:2      | Noticed a moth of wrath
  1038 | D:2      | Found a bloodstained altar of Trog.
  1191 | D:2      | Noticed Jessica
  1202 | D:2      | Reached skill level 4 in Shields
  1208 | D:2      | Killed Jessica
  1208 | D:2      | Reached skill level 1 in Dodging
  1208 | D:2      | Reached XP level 4. HP: 22/40 MP: 3/3
  1593 | D:3      | Found a shadowy altar of Dithmenos.
  1626 | D:3      | Found a sparkling altar of Nemelex Xobeh.
  1655 | D:3      | Reached XP level 5. HP: 17/46 MP: 4/4
  1804 | D:3      | Found a runed translucent gate.
  1804 | D:3      | Found a runed translucent gate.
  1807 | D:3      | Found a runed translucent gate.
  1808 | D:3      | Noticed happy's ghost (amateur OgHu)
  2121 | D:4      | Reached skill level 5 in Shields
  2240 | D:4      | You fall into a shaft and drop 3 floors!
  2304 | D:7      | Reached skill level 5 in Armour
  2326 | D:7      | Reached XP level 6. HP: 22/53 MP: 5/5
  2327 | D:7      | Found a sand-covered staircase.
  2340 | Ossuary  | Entered an ossuary
  3082 | D:7      | Reached skill level 5 in Long Blades
  3082 | D:7      | Reached skill level 6 in Shields
  3086 | D:7      | Noticed an orc warrior
  3102 | D:7      | Reached XP level 7. HP: 43/60 MP: 6/6
  3133 | D:7      | Killed from afar by an orc priest

Levels and vault maps discovered:
D:1:      lightli_iron_boxes, layout_basic, corner_web_ring
D:2:      layout_basic, first_ration, tgw_trog, uniq_jessica
D:3:      layout_loops_ring, nemelex_xobeh_ov_fountains_minmay,
          gammafunk_ghost_necromancy, minmay_misc_feat_roman,
          grunt_dithmenos_smoke_and_mirrors
D:4:      layout_loops_cross, temple_statues, uniq_natasha, uniq_pikel,
          uniq_menkaure
D:7:      layout_basic, enter_ossuary_5, serial_shops, nicolae_shop_statue_plus,
          due_unseen_surprise

Skill      XL: |  1  2  3  4  5  6 |
---------------+-------------------+-----
Armour         | 4 5 |  5.5
Fighting       | 4 |  4.9
Shields        | 4 5 6 |  6.1
Long Blades    | 3 4 5 |  5.2
Dodging        | 1 |  1.9
Stealth        | |  0.1

Action                   |  1- 3 |  4- 6 |  7- 9 || total
-------------------------+-------+-------+-------++-------
Melee: Long sword        |   103 |   168 |     8 ||   279
       Headbutt          |    22 |    52 |     2 ||    76
  Use: Scroll            |     3 |     6 |     1 ||    10
       Potion            |     1 |     3 |     2 ||     6
  Eat: Chunk             |       |    10 |       ||    10
Armor: Scale mail        |    45 |    35 |       ||    80
       Chain mail        |       |    31 |     2 ||    33
Dodge: Dodged            |    27 |    45 |     2 ||    74
Block: Shield            |    58 |   121 |     5 ||   184
       Rpst.: Long sword |    11 |    13 |       ||    24
